 Dungeon Crawl Stone Soup version 0.29-a0-613-gf2c431b9b9 (webtiles) character file.

Game seed: 1504898713418291339

2916 Patoropollo the Fighter (level 9, -7/123 HPs)
             Began as a Minotaur Berserker on June 17, 2022.
             Was an Elder of Trog.
             Succumbed to Foxy's ghost's poison
             ... on level 7 of the Dungeon.
             The game lasted 00:11:15 (8184 turns).

Patoropollo the Fighter (Minotaur Berserker)        Turns: 8184, Time: 00:11:16

Health: -7/123     AC: 18    Str: 26    XL:     9   Next: 50%
Magic:  8/8        EV: 11    Int:  4    God:    Trog [****..]
Gold:   499        SH:  0    Dex: 10    Spells: 8/8 levels left

rFire   . . .      SeeInvis +   a - +4 mace
rCold   . . .      Faith    +   (no shield)
rNeg    . . .      Spirit   .   E - +2 chain mail
rPois   .          Reflect  .   (helmet restricted)
rElec   .          Harm     .   b - +0 cloak
rCorr   .          Rampage  .   (no gloves)
Will    .....                   (no boots)
Stlth   ..........              z - amulet of faith
HPRegen 0.30/turn               w - ring of see invisible
MPRegen 0.11/turn               x - +4 ring of protection

@: berserking, lethally poisoned (-7 -> -62), very quick
A: horns 2, retaliatory headbutt
a: Renounce Religion, Berserk, Trog's Hand, Brothers in Arms


You were on level 7 of the Dungeon.
You worshipped Trog.
Trog was greatly pleased with you.
You visited 2 branches of the dungeon, and saw 8 of its levels.

You collected 499 gold pieces.

Inventory:

Hand Weapons
 a - a +4 mace (weapon)
 o - a +2 whip of flaming
Armour
 b - a +0 cloak (worn)
 E - a +2 chain mail (worn)
Jewellery
 l - a ring of magical power
 q - a ring of flight
 w - a ring of see invisible (left hand)
 x - a +4 ring of protection (right hand)
 z - an amulet of faith (around neck)
Wands
 i - a wand of iceblast (3)
 k - a wand of flame (37)
Scrolls
 c - 3 scrolls of identify
 f - 3 scrolls of noise
 h - a scroll of fog
 n - 2 scrolls of teleportation
Potions
 d - 3 potions of degeneration
 e - a potion of berserk rage {unknown}
 g - 3 potions of flight
 j - 2 potions of ambrosia {unknown}
 m - 2 potions of attraction {unknown}
 p - 3 potions of heal wounds {unknown}
 r - 2 potions of curing {unknown}
 s - a potion of lignification {unknown}
 u - 2 potions of might {unknown}
 B - a potion of mutation {unknown}


   Skills:
 + Level 8.8 Fighting
 + Level 8.7 Maces & Flails
 + Level 8.3 Armour
 + Level 7.5 Dodging


You had 8 spell levels left.
You didn't know any spells.
Your spell library was empty.

Dungeon Overview and Level Annotations

Branches:
Dungeon (7/15)             Temple (1/1) D:7

Altars:
Dithmenos
Fedhas
Kikubaaqudgha
Ru
Sif Muna
Uskayaw
Wu Jian
Yredelemnul
Zin
The Shining One

Shops:
D:1 *   D:6 *

Annotations:
D:7 Foxy's ghost, novice TrFi


Innate Abilities, Weirdness & Mutations

You have a pair of horns on your head.
You reflexively headbutt those who attack you in melee.


Message History

Foxy's ghost hits you.
You are more poisoned.
You hit Foxy's ghost.
Foxy's ghost is moderately damaged.
You feel very sick. Foxy's ghost hits you!
You are lethally poisoned!
Okay, then.
You are too injured to fight recklessly!
You sock Foxy's ghost!
You headbutt Foxy's ghost, but do no damage.
Foxy's ghost is moderately damaged.
You feel extremely sick. Foxy's ghost hits you.
You are more poisoned.
You hit Foxy's ghost.
Foxy's ghost is heavily damaged.
* * * LOW HITPOINT WARNING * * *
You feel extremely sick.
Foxy's ghost hits you but does no damage.
You are more poisoned.
Okay, then.
A red film seems to cover your vision as you go berserk!
You feel yourself moving faster!
You feel mighty!
* * * LOW HITPOINT WARNING * * *
You feel extremely sick. Foxy's ghost hits you!
* * * LOW HITPOINT WARNING * * *
You are more poisoned.
You sock Foxy's ghost! Your headbutt misses Foxy's ghost.
Foxy's ghost is heavily damaged.
* * * LOW HITPOINT WARNING * * *
You feel extremely sick.
Foxy's ghost hits you but does no damage.
You are more poisoned.
Unknown command.
Unknown command.
You bludgeon Foxy's ghost!! Your headbutt misses Foxy's ghost.
Foxy's ghost is almost destroyed.
You die...

########.##.# #.#
##.#.### #.##.# #.#
.#.≈[.≈ # #.##.# #.#
#.≈.≈.#≈# #.##.#
#.###..#.⌠..### #.##.#
#..#...≈≈.≈##.# #[##.#
#######''####.# #.##.#
#......##.#
#.##.#######......##.#
#.##.>...@W.#...####<#
#.#########...### #.#
#(#### #.### #.#
#....# #.# #.# ####.#
#.# #.#####
###########.######.#
#......
...................#
#.#####
.#####......########
#.# .# #.....####
#.#####


You could see Foxy's ghost.

Vanquished Creatures
  Pikel (D:6)
  2 water moccasins
  An acid dragon (D:6)
  An ice beast (D:5)
  An orc warrior (D:6)
  2 ogres
  A black bear (D:4)
  2 kobold brigands
  A bullfrog (D:6)
  4 scorpions
  7 wights (D:7)
  3 howler monkeys
  2 vampire bats (D:3)
  4 hounds
  4 orc priests
  Crazy Yiuf (D:2)
  4 iguanas
  3 orc wizards
  4 gnolls (D:3)
  9 adders
  A shadow imp (D:6)
  2 white imps
  4 dart slugs
  2 worms (D:4)
  20 orcs
  5 bat zombies (D:3)
  5 endoplasms
  6 giant cockroaches
  4 goblins
  4 hobgoblins
  4 jackals (D:5)
  4 quokkas
  6 ball pythons
  6 bats
  A frilled lizard (D:2)
  8 kobolds
  23 rats
162 creatures vanquished.

Vanquished Creatures (others)
  A plant (D:4)
1 creature vanquished.

Grand Total: 163 creatures vanquished

Notes
Turn   | Place    | Note
-------+----------+-------------------------------------------
     0 | D:1      | Patoropollo the Minotaur Berserker began the quest for the
                  | Orb.
     0 | D:1      | Reached XP level 1. HP: 19/19 MP: 0/0
   422 | D:1      | Reached XP level 2. HP: 27/27 MP: 1/1
   587 | D:1      | Found Xepo Ofi's Assorted Antiques.
  1046 | D:2      | Reached XP level 3. HP: 25/33 MP: 2/2
  1298 | D:2      | Identified the +0 leather armour "Vydghuo" {rF- rC++ rN+
                  | Dex+2}
  1503 | D:2      | HP: 1/33 [poisoned by a hobgoblin]
  2107 | D:2      | Found a runed translucent door.
  2108 | D:2      | Noticed Crazy Yiuf
  2222 | D:2      | Killed Crazy Yiuf
  2316 | D:3      | Reached XP level 4. HP: 41/41 MP: 3/3
  2358 | D:3      | Reached ** piety under Trog
  2476 | D:3      | Reached XP level 5. HP: 6/47 MP: 4/4
  3042 | D:3      | Found an ancient bone altar of Kikubaaqudgha.
  3046 | D:3      | Reached skill level 5 in Fighting
  3121 | D:3      | Found a basalt altar of Yredelemnul.
  3135 | D:3      | Found a glowing golden altar of the Shining One.
  3137 | D:3      | Noticed an angel
  3310 | D:4      | Reached skill level 5 in Maces & Flails
  3314 | D:4      | HP: 2/48 [iguana (10)]
  3628 | D:4      | Reached XP level 6. HP: 56/56 MP: 5/5
  3749 | D:4      | Reached *** piety under Trog
  4213 | D:4      | Found an ornate altar of the Wu Jian Council.
  4339 | D:5      | Entered Level 5 of the Dungeon
  4394 | D:5      | Noticed a water moccasin
  4403 | D:5      | Killed a water moccasin
  4404 | D:5      | Reached skill level 5 in Armour
  4404 | D:5      | Reached XP level 7. HP: 27/62 MP: 6/6
  4918 | D:5      | Reached skill level 5 in Dodging
  5312 | D:5      | Reached XP level 8. HP: 54/71 MP: 7/7
  5879 | D:6      | HP: 2/71 [acid dragon (11)]
  6688 | D:6      | Found a blossoming altar of Fedhas.
  6806 | D:6      | Noticed Pikel
  6828 | D:6      | Killed Pikel
  6829 | D:6      | Reached XP level 9. HP: 68/81 MP: 8/8
  7083 | D:6      | Found Corotil's Serpentskin Sales.
  7088 | D:6      | Reached **** piety under Trog
  7380 | D:7      | Found a staircase to the Ecumenical Temple.
  7401 | Temple   | Entered the Ecumenical Temple
  8162 | D:7      | Found a large runed translucent door.
  8162 | D:7      | Found a large runed translucent door.
  8164 | D:7      | Noticed Foxy's ghost (novice TrFi)
  8183 | D:7      | HP: 2/123 [poisoned by Foxy's ghost]
  8184 | D:7      | Succumbed to Foxy's ghost's poison

Illustrated notes

Levels and vault maps discovered:
D:1:      lightli_arrival_maybe_door_vault, layout_basic, serial_shops,
          nicolae_shop_stone
D:2:      layout_basic, uniq_crazy_yiuf_cottage
D:3:      layout_rooms, grunt_temple_overflow_holy_war,
          kennysheep_vampire_church, minmay_rat_hole
D:4:      cheibrodos_old_hovel, layout_basic, nzn_wu_jian_council_hall,
          columned_hall_lemuel, kennysheep_generic_room_9
D:5:      layout_loops_corners
D:6:      kennysheep_big_flooded_room, layout_basic,
          mainiacjoe_overflow_six_doors_small, guppyfry_shop_venom, uniq_pikel
D:7:      layout_loops_ring, minmay_temple_entry_hall,
          ebering_ghost_disaster_area
Temple:   cyrus_circular_temple

Skill      XL: |  1  2  3  4  5  6  7  8  9 |
---------------+----------------------------+-----
Fighting       | 4 5 6 8 |  8.8
Maces & Flails | 4 5 6 7 8 |  8.7
Armour         | 3 4 5 6 7 8 |  8.3
Dodging        | 3 4 5 6 7 |  7.5

Action                   |  1- 3 |  4- 6 |  7- 9 || total
-------------------------+-------+-------+-------++-------
Melee: Mace              |    46 |   126 |   234 ||   406
       Headbutt          |     6 |    18 |    39 ||    63
       Punch             |       |     2 |     4 ||     6
Invok: Berserk           |       |     1 |     4 ||     5
  Use: Scroll            |       |       |    14 ||    14
Armor: Animal skin       |     4 |       |       ||     4
       Leather armour    |     4 |    33 |    23 ||    60
       Scale mail        |       |       |    14 ||    14
       Chain mail        |       |       |    68 ||    68
       Acid dragon scale |       |       |    13 ||    13
Dodge: Dodged            |    27 |   100 |   112 ||   239

Table legend: (Time is in decaauts)
 A = Elapsed time spent in this place.
 B = Non-inter-level travel time spent in this place.
 C = Inter-level travel time spent in this place.
 D = Time resting spent in this place.
 E = Time spent auto-exploring this place.
 F = Levels seen in this place.
 G = Mean time per level.
                   A        B        C        D        E       F      G
               +--------+--------+--------+--------+--------+-----+--------+
         Total |   8259 |   8046 |    213 |      0 |   6985 |   8 | 1032.4 |
       Dungeon |   8257 |   8044 |    213 |      0 |   6985 |   7 | 1179.6 |
        Temple |      1 |      1 |      0 |      0 |      0 |   1 |    1.0 |
               +--------+--------+--------+--------+--------+-----+--------+

Top non-repeatable levels by time:
     D:5: 1542 daAuts
     D:2: 1508 daAuts
     D:6: 1392 daAuts
     D:4: 1058 daAuts
     D:3: 984 daAuts
     D:7: 957 daAuts
     D:1: 812 daAuts
  Temple: 1 daAuts
